Devils vs Lightning

Created - October-24-13 at 19:05

Goals
1 2 3 T
Devils 1 2 1 4
Lightning 1 0 2 3
Shots
1 2 3 T
Devils 7 14 8 29
Lightning 8 8 4 20

1st period

1. Lightning , Patrick Kane 11 (Martin St. Louis) at 1:56 (PP)
2. Devils , Carl Hagelin 3 (Mark Letestu, Brenden Dillon) at 12:40 (PP)

Penalties :
Nikita Nikitin (NJD) for Hooking (Minor) at 0:21, Martin St. Louis (TBL) for Hooking (Minor) at 11:35, Nikita Nikitin (NJD) for Roughing (Minor) at 18:47

2nd period

3. Devils , Mike Weaver 2 (Jonathan Huberdeau) at 11:35
4. Devils , Mark Letestu 4 (Brenden Dillon, Nikita Nikitin) at 19:03 (PP)

Penalties :
Niklas Hjalmarsson (NJD) for Tripping (Minor) at 4:38, Brenden Dillon (NJD) for Hooking (Minor) at 8:31, Tyson Strachan (TBL) for Slashing (Minor) at 15:05, Andrej Meszaros (TBL) for Hooking (Minor) at 17:21

3rd period

5. Lightning , Patrick Kane 12 (Martin St. Louis, Tim Gleason) at 8:30
6. Devils , Carl Hagelin 4 (James van Riemsdyk, Brenden Dillon) at 14:57 (PP)
7. Lightning , Andrej Meszaros 2 (Luca Sbisa, Eric Fehr) at 19:54

Penalties :
Brooks Laich (TBL) for Unsportsmanlike conduct (Major / Game Misconduct) at 13:20

Goalie Stats

Sergei Bobrovsky (NJD), 17 saves from 20 shots - (0.850), W, 9-1-0, 60:00 minutes
Jaroslav Halak (TBL), 25 saves from 29 shots - (0.862), L, 4-3-0, 59:58 minutes

Players Stats for Devils

Player Name              G  A  P  +/- PIM S  H  SB GA TA FO     MP     PP MP  PK MP  
------------------------------------------------------------------------------------
Ales Hemsky              0  0  0   0  0   2  1  0  0  0  0/1    18:16   5:37   0:00 
Artem Anisimov           0  0  0   0  0   2  1  0  0  0  4/10   18:16   5:37   0:00 
Brenden Dillon           0  3  3   0  2   0  4  1  0  0  0/0    17:41   3:34   3:25 
Carl Hagelin             2  0  2   0  0   3  2  0  0  0  1/3    18:33   3:34   0:00 
David Clarkson           0  0  0  -1  0   1  1  0  0  0  0/1     9:28   1:08   0:00 
James van Riemsdyk       0  1  1   0  0   4  3  0  0  0  0/0    18:33   3:34   0:00 
Jonathan Huberdeau       0  1  1   0  0   2  0  1  0  0  12/19  20:41   5:37   0:00 
Mark Letestu             1  1  2  -1  0   2  0  1  0  0  1/5    15:37   3:00   4:22 
Mark Streit              0  0  0   0  0   3  0  1  0  0  0/0    18:47   5:43   0:00 
Mike Weaver              1  0  1  -1  0   1  1  0  0  0  0/0    16:48   1:08   1:30 
Nikita Nikitin           0  1  1   0  4   1  4  0  0  0  0/0    23:00   3:28   1:39 
Niklas Hjalmarsson       0  0  0   0  2   0  2  2  0  0  0/0    19:30   0:28   3:34 
Saku Koivu               0  0  0   0  0   3  1  0  0  0  7/14   16:28   0:34   3:10 
Tommy Wingels            0  0  0   0  0   0  0  0  0  0  2/2    10:29   0:34   3:10 
Trevor Daley             0  0  0  -1  0   2  1  2  0  0  0/0    24:10   5:09   4:56 
Trevor Lewis             0  0  0   0  0   1  2  0  0  0  0/0     6:45   0:00   0:00 
Tyler Johnson            0  0  0   0  0   2  1  0  0  0  2/5     6:45   0:00   0:00 
Vladimir Sobotka         0  0  0  -1  0   0  2  0  0  0  14/20  12:37   0:00   4:22 

Players Stats for Lightning

Player Name              G  A  P  +/- PIM S  H  SB GA TA FO     MP     PP MP  PK MP  
------------------------------------------------------------------------------------
Andrej Meszaros          1  0  1   0  2   1  0  0  0  0  0/0    19:53   2:47   1:07 
Brent Seabrook           0  0  0  -1  0   1  2  1  0  0  0/0    24:18   4:45   3:22 
Brooks Laich             0  0  0   0  15  0  5  0  0  0  4/7    14:35   2:13   0:00 
David Van Der Gulik      0  0  0   1  0   0  0  0  0  0  6/12    9:58   0:31   1:13 
Eric Fehr                0  1  1   1  0   1  1  0  0  0  0/0    10:20   0:00   0:00 
Josh Gorges              0  0  0   0  0   2  0  5  0  0  0/0    19:41   0:00   5:24 
Luca Sbisa               0  1  1   1  0   0  8  2  0  0  0/0    22:13   4:45   5:24 
Martin St. Louis         0  2  2   1  2   1  2  0  0  0  4/6    23:47   4:29   3:07 
Matt Frattin             0  0  0   0  0   2  2  0  0  0  1/2     8:04   0:00   0:32 
Mike Knuble              0  0  0   0  0   1  0  0  0  0  0/0     6:58   0:00   0:00 
Nick Spaling             0  0  0   1  0   0  0  0  0  0  7/11   10:20   0:00   0:00 
Patrick Kane             2  0  2   1  0   4  0  0  0  0  0/2    23:30   4:29   2:47 
Patrick Sharp            0  0  0   0  0   1  0  0  0  0  3/5     3:05   0:48   0:00 
Teddy Purcell            0  0  0  -1  0   3  1  0  0  0  1/2    17:58   3:03   5:42 
Teemu Selanne            0  0  0   0  0   2  1  0  0  0  2/14   23:13   4:00   0:00 
Tim Gleason              0  1  1   1  0   0  0  0  0  0  0/0    21:04   2:47   3:49 
Tomas Plekanec           0  0  0  -1  0   1  0  0  0  0  9/19   18:25   3:03   6:09 
Tyson Strachan           0  0  0   1  2   0  0  0  0  0  0/0    12:49   0:00   0:24 

3 Stars

1 - Carl Hagelin (NJD)
2 - Patrick Kane (TBL)
3 - Luca Sbisa (TBL)

Power Play

Devils - 3 on 4 Attempt(s) - 75.00%
Lightning - 1 on 4 Attempt(s) - 25.00%

Penalty Kill

Devils - 3 on 4 Attempt(s) - 75.00% - Score 0 goal in Penalty Kill
Lightning - 1 on 4 Attempt(s) - 25.00% - Score 0 goal in Penalty Kill

Official

Referees : Trent Knorr and Dennis LaRue
Linesman : Ryan Galloway and Michel Cormier

Game Notes

Patrick Sharp is injured at 8:09 of 1st period (Groin)
Brooks Laich ejected from game at 13:20 of 3rd period

Finance

Level 1 -- Attendance: 4208 (64.74%) -- Ticket Income $589,120
Level 2 -- Attendance: 3339 (66.78%) -- Ticket Income $317,205
Level 3 -- Attendance: 2171 (62.03%) -- Ticket Income $162,825
Level 4 -- Attendance: 1855 (49.36%) -- Ticket Income $83,475
Luxury Box -- Attendance: 488 (48.80%) -- Ticket Income $175,680
Game was played at the St.Pete Times Forum
Total Attendance: 12061 (61.04%)
Total Ticket Income: $1,328,305
Other Income: $199,246
Total Income: $1,527,551


% Time on Ice - Devils

Lines # - Real PCT - Wanted PCT - Time Play
Normal Forward
1 - 35% - 35% - 14:59
2 - 30% - 30% - 12:39
3 - 19% - 20% - 8:15
4 - 16% - 15% - 6:45
Normal Defense
1 - 36% - 35% - 15:29
2 - 33% - 35% - 14:05
3 - 22% - 20% - 9:18
4 - 9% - 10% - 3:46
PP Forward
1 - 63% - 60% - 6:11
2 - 37% - 40% - 3:34
PP Defense
1 - 59% - 60% - 5:43
2 - 41% - 40% - 4:02
PK Forward
1 - 58% - 55% - 4:22
2 - 42% - 45% - 3:10
PK Defense
1 - 63% - 55% - 4:44
2 - 37% - 45% - 2:48
PK3 Forward
1 - 0% - 50%
2 - 0% - 50%
PK3 Defense
1 - 0% - 55%
2 - 0% - 45%
44 Forward
1 - 0% - 50%
2 - 0% - 50%
44 Defense
1 - 0% - 50%
2 - 0% - 50%
Last Minute Offensive  - 0:00
Last Minute Defensive  - 0:05
Total
Forward - 60:00
Defense - 60:00

% Time on Ice - Lightning

Lines # - Real PCT - Wanted PCT - Time Play
Normal Forward
1 - 38% - 40% - 16:07
2 - 22% - 32% - 9:13
3 - 24% - 23% - 10:20
4 - 16% - 5% - 6:58
Normal Defense
1 - 39% - 40% - 16:31
2 - 27% - 30% - 11:39
3 - 29% - 20% - 12:26
4 - 5% - 10% - 2:02
PP Forward
1 - 60% - 60% - 4:29
2 - 40% - 40% - 3:03
PP Defense
1 - 63% - 60% - 4:45
2 - 37% - 40% - 2:47
PK Forward
1 - 71% - 60% - 6:58
2 - 29% - 40% - 2:47
PK Defense
1 - 45% - 60% - 4:21
2 - 55% - 40% - 5:24
PK3 Forward
1 - 0% - 60%
2 - 0% - 40%
PK3 Defense
1 - 0% - 60%
2 - 0% - 40%
44 Forward
1 - 0% - 60%
2 - 0% - 40%
44 Defense
1 - 0% - 60%
2 - 0% - 40%
Last Minute Offensive  - 0:05
Last Minute Defensive  - 0:00
Total
Forward - 60:00
Defense - 60:00

Play by Play

1st period


0:01 of 1st period - Patrick Sharp wins face-off versus Jonathan Huberdeau in neutral zone.
0:21 of 1st period - Minor Penalty to Nikita Nikitin for Hooking.
0:22 of 1st period - Vladimir Sobotka wins face-off versus Tomas Plekanec in Devils zone.
0:37 of 1st period - Shot by Brent Seabrook.
0:37 of 1st period - Shot Blocked by Brenden Dillon.
0:51 of 1st period - Mark Letestu is hit by Teddy Purcell and loses puck.
1:34 of 1st period - Shot by Saku Koivu.
1:34 of 1st period - Stopped by Jaroslav Halak without a rebound.
1:35 of 1st period - Patrick Sharp wins face-off versus Vladimir Sobotka in Lightning zone.
1:56 of 1st period - Shot by Patrick Kane.
1:56 of 1st period - Goal by Patrick Kane - Devils : 0 - Lightning : 1.
1:57 of 1st period - Nick Spaling wins face-off versus Jonathan Huberdeau in neutral zone.
2:03 of 1st period - Icing by Nikita Nikitin.
2:04 of 1st period - Jonathan Huberdeau wins face-off versus Teemu Selanne in Devils zone.
2:22 of 1st period - Icing by Nikita Nikitin.
2:23 of 1st period - Jonathan Huberdeau wins face-off versus Patrick Sharp in Devils zone.
2:28 of 1st period - Shot by James van Riemsdyk.
2:28 of 1st period - Stopped by Jaroslav Halak with a rebound.
2:58 of 1st period - Shot by Carl Hagelin.
2:58 of 1st period - Shot Misses the Net.
3:05 of 1st period - Icing by Brent Seabrook.
3:06 of 1st period - Patrick Sharp wins face-off versus Artem Anisimov in Lightning zone.
3:06 of 1st period - Patrick Sharp is hit by Saku Koivu.
3:14 of 1st period - Shot by Patrick Sharp.
3:14 of 1st period - Shot Misses the Net.
3:38 of 1st period - Tim Gleason is hit by Mike Weaver and loses puck.
3:55 of 1st period - Tim Gleason is hit by Artem Anisimov and loses puck.
4:08 of 1st period - Shot by David Clarkson.
4:08 of 1st period - Stopped by Jaroslav Halak without a rebound.
4:09 of 1st period - Nick Spaling wins face-off versus Vladimir Sobotka in Lightning zone.
4:09 of 1st period - Nick Spaling is hit by Vladimir Sobotka.
5:23 of 1st period - Off-side.
5:24 of 1st period - Saku Koivu wins face-off versus Patrick Sharp in neutral zone.
5:46 of 1st period - Shot by Patrick Sharp.
5:46 of 1st period - Stopped by Sergei Bobrovsky without a rebound.
5:47 of 1st period - Jonathan Huberdeau wins face-off versus Tomas Plekanec in Devils zone.
6:25 of 1st period - Tomas Plekanec is hit by Brenden Dillon and loses puck.
7:27 of 1st period - Icing by Tim Gleason.
7:28 of 1st period - Tommy Wingels wins face-off versus Tomas Plekanec in Lightning zone.
7:37 of 1st period - Shot by Tyler Johnson.
7:37 of 1st period - Stopped by Jaroslav Halak without a rebound.
7:38 of 1st period - Vladimir Sobotka wins face-off versus Patrick Kane in Lightning zone.
7:38 of 1st period - Vladimir Sobotka is hit by Brent Seabrook.
7:48 of 1st period - Shot by Mark Letestu.
7:48 of 1st period - Shot Misses the Net.
8:08 of 1st period - Patrick Sharp is hit by David Clarkson and loses puck.
8:09 of 1st period - Patrick Sharp from Lightning is injured at 8:09 of 1st period (Groin).
8:10 of 1st period - Nick Spaling wins face-off versus Carl Hagelin in neutral zone.
8:39 of 1st period - Shot by Jonathan Huberdeau.
8:39 of 1st period - Shot Blocked by Luca Sbisa.
8:43 of 1st period - Shot by James van Riemsdyk.
8:43 of 1st period - Shot Blocked by Luca Sbisa.
8:45 of 1st period - Shot by Nikita Nikitin.
8:45 of 1st period - Shot Blocked by Josh Gorges.
9:00 of 1st period - Icing by Josh Gorges.
9:01 of 1st period - Nick Spaling wins face-off versus Tyler Johnson in Lightning zone.
9:01 of 1st period - Nick Spaling is hit by Trevor Lewis.
9:35 of 1st period - Shot by Patrick Kane.
9:35 of 1st period - Stopped by Sergei Bobrovsky without a rebound.
9:36 of 1st period - Artem Anisimov wins face-off versus Teemu Selanne in Devils zone.
10:00 of 1st period - Shot by Martin St. Louis.
10:00 of 1st period - Stopped by Sergei Bobrovsky without a rebound.
10:01 of 1st period - Vladimir Sobotka wins face-off versus David Van Der Gulik in Devils zone.
10:01 of 1st period - Vladimir Sobotka is hit by Matt Frattin.
10:04 of 1st period - Icing by Niklas Hjalmarsson.
10:05 of 1st period - Vladimir Sobotka wins face-off versus David Van Der Gulik in Devils zone.
10:05 of 1st period - Vladimir Sobotka is hit by Matt Frattin.
10:54 of 1st period - Icing by Niklas Hjalmarsson.
10:55 of 1st period - Vladimir Sobotka wins face-off versus Teemu Selanne in Devils zone.
11:35 of 1st period - Minor Penalty to Martin St. Louis for Hooking.
11:36 of 1st period - Tomas Plekanec wins face-off versus Artem Anisimov in Lightning zone.
12:40 of 1st period - Shot by Carl Hagelin.
12:40 of 1st period - Goal by Carl Hagelin - Devils : 1 - Lightning : 1.
12:41 of 1st period - Tyler Johnson wins face-off versus Teemu Selanne in neutral zone.
13:34 of 1st period - Brent Seabrook is hit by Tyler Johnson.
14:02 of 1st period - Icing by Eric Fehr.
14:03 of 1st period - Brooks Laich wins face-off versus Saku Koivu in Lightning zone.
14:17 of 1st period - Off-side.
14:18 of 1st period - Jonathan Huberdeau wins face-off versus David Van Der Gulik in neutral zone.
14:40 of 1st period - David Van Der Gulik is hit by Brenden Dillon and loses puck.
14:50 of 1st period - David Van Der Gulik is hit by Brenden Dillon.
15:12 of 1st period - Icing by Tim Gleason.
15:13 of 1st period - Nick Spaling wins face-off versus Saku Koivu in Lightning zone.
15:30 of 1st period - Shot by Eric Fehr.
15:30 of 1st period - Stopped by Sergei Bobrovsky without a rebound.
15:31 of 1st period - Vladimir Sobotka wins face-off versus Tomas Plekanec in Devils zone.
15:53 of 1st period - Icing by Brent Seabrook.
15:54 of 1st period - Tomas Plekanec wins face-off versus Saku Koivu in Lightning zone.
15:54 of 1st period - Tomas Plekanec is hit by Ales Hemsky.
16:13 of 1st period - Shot by Teddy Purcell.
16:13 of 1st period - Stopped by Sergei Bobrovsky without a rebound.
16:14 of 1st period - Martin St. Louis wins face-off versus Carl Hagelin in Devils zone.
16:57 of 1st period - Shot by James van Riemsdyk.
16:57 of 1st period - Shot Misses the Net.
17:18 of 1st period - Shot by Ales Hemsky.
17:18 of 1st period - Stopped by Jaroslav Halak without a rebound.
17:19 of 1st period - Tomas Plekanec wins face-off versus Tyler Johnson in Lightning zone.
17:34 of 1st period - Shot by Teemu Selanne.
17:34 of 1st period - Stopped by Sergei Bobrovsky with a rebound.
17:57 of 1st period - Shot by Tyler Johnson.
17:57 of 1st period - Stopped by Jaroslav Halak without a rebound.
17:58 of 1st period - Saku Koivu wins face-off versus David Van Der Gulik in Lightning zone.
18:05 of 1st period - Shot by Mike Knuble.
18:05 of 1st period - Shot Blocked by Mark Streit.
18:23 of 1st period - Shot by Matt Frattin.
18:23 of 1st period - Shot Misses the Net.
18:25 of 1st period - Shot by Josh Gorges.
18:25 of 1st period - Stopped by Sergei Bobrovsky without a rebound.
18:26 of 1st period - Jonathan Huberdeau wins face-off versus Teemu Selanne in Devils zone.
18:47 of 1st period - Minor Penalty to Nikita Nikitin for Roughing.
18:48 of 1st period - Vladimir Sobotka wins face-off versus Teemu Selanne in Devils zone.
18:48 of 1st period - Vladimir Sobotka is hit by Teemu Selanne.
18:58 of 1st period - Brenden Dillon is hit by Luca Sbisa and loses puck.
19:14 of 1st period - Patrick Kane is hit by Trevor Daley.

2nd period


0:01 of 2nd period - Vladimir Sobotka wins face-off versus Teemu Selanne in neutral zone.
0:21 of 2nd period - Shot by Brent Seabrook.
0:21 of 2nd period - Shot Blocked by Trevor Daley.
0:49 of 2nd period - Icing by Mark Streit.
0:50 of 2nd period - Jonathan Huberdeau wins face-off versus Nick Spaling in Devils zone.
1:04 of 2nd period - Carl Hagelin is hit by Brooks Laich and loses puck.
1:14 of 2nd period - Carl Hagelin is hit by Brooks Laich and loses puck.
1:24 of 2nd period - Icing by Mark Streit.
1:25 of 2nd period - David Van Der Gulik wins face-off versus Jonathan Huberdeau in Devils zone.
1:35 of 2nd period - Icing by Mark Streit.
1:36 of 2nd period - Jonathan Huberdeau wins face-off versus Tomas Plekanec in Devils zone.
1:53 of 2nd period - Teddy Purcell is hit by James van Riemsdyk and loses puck.
2:05 of 2nd period - Teddy Purcell is hit by Nikita Nikitin.
3:17 of 2nd period - Shot by Patrick Kane.
3:17 of 2nd period - Stopped by Sergei Bobrovsky with a rebound.
3:30 of 2nd period - Icing by Mike Weaver.
3:31 of 2nd period - Saku Koivu wins face-off versus Matt Frattin in Devils zone.
3:53 of 2nd period - Off-side.
3:54 of 2nd period - Nick Spaling wins face-off versus Vladimir Sobotka in neutral zone.
4:01 of 2nd period - Shot by Vladimir Sobotka.
4:01 of 2nd period - Shot Misses the Net.
4:03 of 2nd period - Shot by Mark Streit.
4:03 of 2nd period - Stopped by Jaroslav Halak without a rebound.
4:04 of 2nd period - Teemu Selanne wins face-off versus Jonathan Huberdeau in Lightning zone.
4:04 of 2nd period - Teemu Selanne is hit by James van Riemsdyk.
4:20 of 2nd period - Martin St. Louis is hit by Nikita Nikitin and loses puck.
4:38 of 2nd period - Minor Penalty to Niklas Hjalmarsson for Tripping.
4:39 of 2nd period - Vladimir Sobotka wins face-off versus Tomas Plekanec in Devils zone.
4:55 of 2nd period - Off-side.
4:56 of 2nd period - Vladimir Sobotka wins face-off versus Brooks Laich in neutral zone.
5:24 of 2nd period - Icing by Brent Seabrook.
5:25 of 2nd period - Saku Koivu wins face-off versus Brooks Laich in Lightning zone.
6:02 of 2nd period - Shot by Tim Gleason.
6:02 of 2nd period - Shot Misses the Net.
6:04 of 2nd period - Shot by Teemu Selanne.
6:04 of 2nd period - Stopped by Sergei Bobrovsky without a rebound.
6:05 of 2nd period - Vladimir Sobotka wins face-off versus Tomas Plekanec in Devils zone.
6:39 of 2nd period - Shot by Matt Frattin.
6:39 of 2nd period - Stopped by Sergei Bobrovsky without a rebound.
6:40 of 2nd period - Jonathan Huberdeau wins face-off versus David Van Der Gulik in Devils zone.
7:13 of 2nd period - Shot by James van Riemsdyk.
7:13 of 2nd period - Deflect By Jonathan Huberdeau.
7:13 of 2nd period - Stopped by Jaroslav Halak without a rebound.
7:14 of 2nd period - Saku Koivu wins face-off versus Teemu Selanne in Lightning zone.
8:08 of 2nd period - Ales Hemsky is hit by Brooks Laich and loses puck.
8:14 of 2nd period - Saku Koivu is hit by Eric Fehr and loses puck.
8:31 of 2nd period - Minor Penalty to Brenden Dillon for Hooking.
8:32 of 2nd period - Vladimir Sobotka wins face-off versus Patrick Kane in Devils zone.
8:40 of 2nd period - Icing by Martin St. Louis.
8:41 of 2nd period - Brooks Laich wins face-off versus Vladimir Sobotka in Lightning zone.
9:08 of 2nd period - Off-side.
9:09 of 2nd period - Tomas Plekanec wins face-off versus Vladimir Sobotka in neutral zone.
9:12 of 2nd period - Shot by Teddy Purcell.
9:12 of 2nd period - Stopped by Sergei Bobrovsky with a rebound.
9:32 of 2nd period - Shot by Teddy Purcell.
9:32 of 2nd period - Shot Blocked by Niklas Hjalmarsson.
9:38 of 2nd period - Shot by Tomas Plekanec.
9:38 of 2nd period - Shot Misses the Net.
9:40 of 2nd period - Shot by Tomas Plekanec.
9:40 of 2nd period - Stopped by Sergei Bobrovsky without a rebound.
9:41 of 2nd period - Brooks Laich wins face-off versus Saku Koivu in Devils zone.
10:16 of 2nd period - Mike Weaver is hit by Martin St. Louis and loses puck.
10:49 of 2nd period - Shot by Mike Knuble.
10:49 of 2nd period - Stopped by Sergei Bobrovsky without a rebound.
10:50 of 2nd period - Saku Koivu wins face-off versus Tomas Plekanec in Devils zone.
11:02 of 2nd period - Icing by Andrej Meszaros.
11:03 of 2nd period - Jonathan Huberdeau wins face-off versus Tomas Plekanec in Lightning zone.
11:06 of 2nd period - Shot by Jonathan Huberdeau.
11:06 of 2nd period - Shot Misses the Net.
11:22 of 2nd period - Brent Seabrook is hit by Carl Hagelin and loses puck.
11:33 of 2nd period - Shot by Mike Weaver.
11:33 of 2nd period - Shot Blocked by Brent Seabrook.
11:35 of 2nd period - Shot by Mike Weaver.
11:35 of 2nd period - Goal by Mike Weaver - Devils : 2 - Lightning : 1.
11:36 of 2nd period - Brooks Laich wins face-off versus David Clarkson in neutral zone.
11:51 of 2nd period - Shot by Patrick Kane.
11:51 of 2nd period - Deflect By Martin St. Louis.
11:51 of 2nd period - Shot Misses the Net.
11:53 of 2nd period - Shot by Brooks Laich.
11:53 of 2nd period - Shot Misses the Net.
11:55 of 2nd period - Shot by Josh Gorges.
11:55 of 2nd period - Stopped by Sergei Bobrovsky without a rebound.
11:56 of 2nd period - Matt Frattin wins face-off versus Saku Koivu in Devils zone.
13:38 of 2nd period - Patrick Kane is hit by Nikita Nikitin and loses puck.
13:51 of 2nd period - Vladimir Sobotka is hit by Brooks Laich and loses puck.
14:09 of 2nd period - Eric Fehr is hit by Niklas Hjalmarsson and loses puck.
14:17 of 2nd period - Eric Fehr is hit by Niklas Hjalmarsson and loses puck.
14:20 of 2nd period - Shot by Nick Spaling.
14:20 of 2nd period - Deflect By Eric Fehr.
14:20 of 2nd period - Shot Misses the Net.
14:22 of 2nd period - Shot by Nick Spaling.
14:22 of 2nd period - Shot Misses the Net.
14:24 of 2nd period - Shot by Brooks Laich.
14:24 of 2nd period - Shot Blocked by Niklas Hjalmarsson.
14:54 of 2nd period - Shot by Teemu Selanne.
14:54 of 2nd period - Shot Misses the Net.
15:05 of 2nd period - Minor Penalty to Tyson Strachan for Slashing.
15:06 of 2nd period - Artem Anisimov wins face-off versus Tomas Plekanec in Lightning zone.
15:07 of 2nd period - Shot by Jonathan Huberdeau.
15:07 of 2nd period - Shot Misses the Net.
15:09 of 2nd period - Shot by Trevor Daley.
15:09 of 2nd period - Stopped by Jaroslav Halak without a rebound.
15:10 of 2nd period - Artem Anisimov wins face-off versus Teddy Purcell in Lightning zone.
15:15 of 2nd period - Shot by Jonathan Huberdeau.
15:15 of 2nd period - Shot Misses the Net.
15:17 of 2nd period - Shot by Trevor Daley.
15:17 of 2nd period - Shot Misses the Net.
15:25 of 2nd period - Shot by Mark Streit.
15:25 of 2nd period - Stopped by Jaroslav Halak with a rebound.
15:29 of 2nd period - Shot by Artem Anisimov.
15:29 of 2nd period - Stopped by Jaroslav Halak with a rebound.
15:31 of 2nd period - Shot by Jonathan Huberdeau.
15:31 of 2nd period - Stopped by Jaroslav Halak with a rebound.
15:33 of 2nd period - Shot by Jonathan Huberdeau.
15:33 of 2nd period - Shot Blocked by Josh Gorges.
15:35 of 2nd period - Shot by Jonathan Huberdeau.
15:35 of 2nd period - Shot Misses the Net.
15:37 of 2nd period - Shot by Ales Hemsky.
15:37 of 2nd period - The goal is going for a video replay.
15:37 of 2nd period - The goal is refused.
15:38 of 2nd period - Mark Letestu wins face-off versus Martin St. Louis in Lightning zone.
15:43 of 2nd period - Shot by James van Riemsdyk.
15:43 of 2nd period - Stopped by Jaroslav Halak without a rebound.
15:44 of 2nd period - Tomas Plekanec wins face-off versus Mark Letestu in Lightning zone.
16:11 of 2nd period - Shot by Nikita Nikitin.
16:11 of 2nd period - Shot Misses the Net.
16:13 of 2nd period - Shot by James van Riemsdyk.
16:13 of 2nd period - Stopped by Jaroslav Halak without a rebound.
16:14 of 2nd period - Artem Anisimov wins face-off versus Martin St. Louis in Lightning zone.
16:37 of 2nd period - Shot by Artem Anisimov.
16:37 of 2nd period - Stopped by Jaroslav Halak with a rebound.
16:56 of 2nd period - Artem Anisimov is hit by Luca Sbisa.
17:21 of 2nd period - Minor Penalty to Andrej Meszaros for Hooking.
17:22 of 2nd period - Martin St. Louis wins face-off versus Mark Letestu in Lightning zone.
17:22 of 2nd period - Martin St. Louis is hit by Carl Hagelin.
17:50 of 2nd period - Shot by Brenden Dillon.
17:50 of 2nd period - Shot Misses the Net.
17:52 of 2nd period - Shot by James van Riemsdyk.
17:52 of 2nd period - Stopped by Jaroslav Halak without a rebound.
17:53 of 2nd period - Tomas Plekanec wins face-off versus Artem Anisimov in Lightning zone.
17:59 of 2nd period - Icing by Trevor Daley.
18:00 of 2nd period - Tomas Plekanec wins face-off versus Artem Anisimov in Devils zone.
18:03 of 2nd period - Shot by Teddy Purcell.
18:03 of 2nd period - Stopped by Sergei Bobrovsky without a rebound.
18:04 of 2nd period - Tomas Plekanec wins face-off versus Artem Anisimov in Devils zone.
18:12 of 2nd period - Jonathan Huberdeau is hit by Luca Sbisa and loses puck.
18:17 of 2nd period - Shot by Trevor Daley.
18:17 of 2nd period - Shot Misses the Net.
18:29 of 2nd period - Shot by Mark Streit.
18:29 of 2nd period - Stopped by Jaroslav Halak with a rebound.
19:03 of 2nd period - Shot by Mark Letestu.
19:03 of 2nd period - Goal by Mark Letestu - Devils : 3 - Lightning : 1.
19:04 of 2nd period - Nick Spaling wins face-off versus Tyler Johnson in neutral zone.
19:04 of 2nd period - Andrej Meszaros is hit by Trevor Lewis.
19:10 of 2nd period - Shot by Eric Fehr.
19:10 of 2nd period - Shot Misses the Net.
19:23 of 2nd period - Off-side.
19:24 of 2nd period - Vladimir Sobotka wins face-off versus Teemu Selanne in neutral zone.
19:33 of 2nd period - Shot by Mark Letestu.
19:33 of 2nd period - Shot Misses the Net.
19:51 of 2nd period - Trevor Daley is hit by Martin St. Louis and loses puck.

3rd period


0:01 of 3rd period - Teddy Purcell wins face-off versus Jonathan Huberdeau in neutral zone.
0:54 of 3rd period - Tomas Plekanec is hit by Nikita Nikitin and loses puck.
1:33 of 3rd period - Ales Hemsky is hit by Luca Sbisa and loses puck.
1:44 of 3rd period - Shot by Trevor Lewis.
1:44 of 3rd period - Shot Blocked by Josh Gorges.
1:46 of 3rd period - Shot by Tommy Wingels.
1:46 of 3rd period - Shot Misses the Net.
1:52 of 3rd period - Shot by Trevor Lewis.
1:52 of 3rd period - Stopped by Jaroslav Halak without a rebound.
1:53 of 3rd period - David Van Der Gulik wins face-off versus Mark Letestu in Lightning zone.
1:58 of 3rd period - Shot by Matt Frattin.
1:58 of 3rd period - Stopped by Sergei Bobrovsky without a rebound.
1:59 of 3rd period - Jonathan Huberdeau wins face-off versus David Van Der Gulik in Devils zone.
3:19 of 3rd period - Artem Anisimov is hit by Luca Sbisa and loses puck.
4:01 of 3rd period - Shot by David Clarkson.
4:01 of 3rd period - Shot Misses the Net.
4:03 of 3rd period - Shot by Mark Letestu.
4:03 of 3rd period - Shot Misses the Net.
4:15 of 3rd period - Shot by Brooks Laich.
4:15 of 3rd period - Shot Misses the Net.
4:46 of 3rd period - Icing by Josh Gorges.
4:47 of 3rd period - David Van Der Gulik wins face-off versus Jonathan Huberdeau in Lightning zone.
5:04 of 3rd period - Shot by Martin St. Louis.
5:04 of 3rd period - Shot Misses the Net.
6:29 of 3rd period - Shot by Saku Koivu.
6:29 of 3rd period - Stopped by Jaroslav Halak without a rebound.
6:30 of 3rd period - Tommy Wingels wins face-off versus Brooks Laich in Lightning zone.
6:53 of 3rd period - Shot by Martin St. Louis.
6:53 of 3rd period - Shot Misses the Net.
6:55 of 3rd period - Shot by Brent Seabrook.
6:55 of 3rd period - Stopped by Sergei Bobrovsky without a rebound.
6:56 of 3rd period - David Van Der Gulik wins face-off versus Saku Koivu in Devils zone.
7:12 of 3rd period - Ales Hemsky is hit by Luca Sbisa and loses puck.
7:51 of 3rd period - Off-side.
7:52 of 3rd period - Jonathan Huberdeau wins face-off versus Teemu Selanne in neutral zone.
8:00 of 3rd period - Icing by Tyson Strachan.
8:01 of 3rd period - Carl Hagelin wins face-off versus Teemu Selanne in Lightning zone.
8:18 of 3rd period - Shot by Martin St. Louis.
8:18 of 3rd period - Shot Misses the Net.
8:20 of 3rd period - Shot by Tim Gleason.
8:20 of 3rd period - Shot Misses the Net.
8:22 of 3rd period - Shot by Martin St. Louis.
8:22 of 3rd period - Shot Blocked by Jonathan Huberdeau.
8:24 of 3rd period - Shot by Patrick Kane.
8:24 of 3rd period - Shot Blocked by Trevor Daley.
8:30 of 3rd period - Shot by Martin St. Louis.
8:30 of 3rd period - Deflect By Patrick Kane.
8:30 of 3rd period - Goal by Patrick Kane - Devils : 3 - Lightning : 2.
8:31 of 3rd period - Tyler Johnson wins face-off versus Nick Spaling in neutral zone.
9:51 of 3rd period - James van Riemsdyk is hit by Luca Sbisa and loses puck.
10:03 of 3rd period - Jonathan Huberdeau is hit by Luca Sbisa and loses puck.
10:39 of 3rd period - Off-side.
10:40 of 3rd period - David Van Der Gulik wins face-off versus Vladimir Sobotka in neutral zone.
10:52 of 3rd period - Tim Gleason is hit by Vladimir Sobotka.
10:53 of 3rd period - Icing by Tim Gleason.
10:54 of 3rd period - David Van Der Gulik wins face-off versus Saku Koivu in Lightning zone.
11:08 of 3rd period - Icing by Mark Streit.
11:09 of 3rd period - Saku Koivu wins face-off versus Nick Spaling in Devils zone.
11:42 of 3rd period - Shot by Saku Koivu.
11:42 of 3rd period - Stopped by Jaroslav Halak without a rebound.
11:43 of 3rd period - Jonathan Huberdeau wins face-off versus Teemu Selanne in Lightning zone.
12:25 of 3rd period - Shot by James van Riemsdyk.
12:25 of 3rd period - Shot Misses the Net.
12:27 of 3rd period - Shot by Trevor Daley.
12:27 of 3rd period - Stopped by Jaroslav Halak without a rebound.
12:28 of 3rd period - Vladimir Sobotka wins face-off versus Nick Spaling in Lightning zone.
12:48 of 3rd period - Shot by David Clarkson.
12:48 of 3rd period - Shot Misses the Net.
13:17 of 3rd period - Niklas Hjalmarsson is hit by Brooks Laich.
13:20 of 3rd period - Major / Game Misconduct Penalty to Brooks Laich for Unsportsmanlike conduct.
13:20 of 3rd period - Brooks Laich is ejected from game.
13:21 of 3rd period - Tomas Plekanec wins face-off versus Artem Anisimov in Lightning zone.
14:23 of 3rd period - Shot by Mark Letestu.
14:23 of 3rd period - Stopped by Jaroslav Halak with a rebound.
14:25 of 3rd period - Shot by Nikita Nikitin.
14:25 of 3rd period - Stopped by Jaroslav Halak without a rebound.
14:26 of 3rd period - Martin St. Louis wins face-off versus Mark Letestu in Lightning zone.
14:57 of 3rd period - Shot by Carl Hagelin.
14:57 of 3rd period - Goal by Carl Hagelin - Devils : 4 - Lightning : 2.
14:58 of 3rd period - Martin St. Louis wins face-off versus Ales Hemsky in neutral zone.
16:05 of 3rd period - Josh Gorges is hit by James van Riemsdyk and loses puck.
16:59 of 3rd period - Shot by Carl Hagelin.
16:59 of 3rd period - Shot Misses the Net.
17:01 of 3rd period - Shot by David Clarkson.
17:01 of 3rd period - Shot Misses the Net.
17:03 of 3rd period - Shot by Brenden Dillon.
17:03 of 3rd period - Deflect By James van Riemsdyk.
17:03 of 3rd period - Shot Misses the Net.
17:05 of 3rd period - Shot by James van Riemsdyk.
17:05 of 3rd period - Shot Blocked by Josh Gorges.
17:07 of 3rd period - Shot by Brenden Dillon.
17:07 of 3rd period - Shot Misses the Net.
17:09 of 3rd period - Shot by Carl Hagelin.
17:09 of 3rd period - Deflect By James van Riemsdyk.
17:09 of 3rd period - Shot Blocked by Josh Gorges.
17:11 of 3rd period - Shot by Mike Weaver.
17:11 of 3rd period - Deflect By Carl Hagelin.
17:11 of 3rd period - Stopped by Jaroslav Halak with a rebound.
17:28 of 3rd period - Mark Streit is hit by Brent Seabrook and loses puck.
17:35 of 3rd period - Shot by Saku Koivu.
17:35 of 3rd period - Shot Misses the Net.
18:24 of 3rd period - Eric Fehr is hit by Brenden Dillon.
19:52 of 3rd period - Shot by Luca Sbisa.
19:52 of 3rd period - Shot Blocked by Mark Letestu.
19:54 of 3rd period - Shot by Andrej Meszaros.
19:54 of 3rd period - Goal by Andrej Meszaros - Devils : 4 - Lightning : 3.
19:55 of 3rd period - Teemu Selanne wins face-off versus Jonathan Huberdeau in neutral zone.
19:58 of 3rd period - Lightning, Jaroslav Halak is pulled from the net.


Output by the SimonT Hockey Simulator (STHS) for Stephane Roy -- Original Page W3C XHTML 1.0 Valid
Hockey Simulator - Hockey Simulation - Hockey Manager